 Dungeon Crawl Stone Soup version 0.30-a0-857-gcaf70739d4 (webtiles) character file.

Game seed: 994654378159248883

292812 ragingrage the Corrupter of Planes (level 19, -11/155 HPs)
             Began as a Demonspawn Delver on Mar 6, 2023.
             Was the Champion of Lugonu.
             Shot with a bolt by a yaktaur (22 damage)
             ... led by a yaktaur captain
             ... on level 4 of the Vaults.
             The game lasted 01:29:15 (45873 turns).

ragingrage the Corrupter of Planes (DsDe)          Turns: 45873, Time: 01:29:16

Health: -11/155    AC: 33    Str: 13    XL:     19   Next: 99%
Magic:  0/42       EV:  9    Int: 11    God:    Lugonu [******]
Gold:   3499       SH:  9    Dex: 29    Spells: 11/18 levels left

rFire   + + .      SeeInvis .    a - +7 demon blade (distort)
rCold   + + .      Faith    +    c - +0 buckler
rNeg    + + .      Spirit   +    E - +7 plate armour of the Shoals {Rampage rF+ Regen+}
rPois   +          Reflect  .    Y - +0 hat of Summertime {rN++ Regen+ MP+9 Dex+2}
rElec   .          Rampage  +    Q - scarf {rC+ rF+}
rCorr   +                        M - +2 pair of gloves
Will    +....                    P - +2 pair of boots {rampage} Stlth
                                 j - amulet of faith
HPRegen 2.05/turn                S - +6 ring of dexterity
MPRegen 0.56/turn                w - ring of protection from cold

@: no status effects
A: yellow scales 3, foul stench 2, magic shield, magic regeneration, magic link,
corrupting presence 1, weakness stinger 2, poison resistance, screaming 1, weak
1, subdued magic 1, MP-powered wands
}: 2/15 runes: barnacled, gossamer
a: Renounce Religion, Depart the Abyss, Banish, Corrupt, Enter the Abyss


You were on level 4 of the Vaults.
You worshipped Lugonu.
Lugonu was exalted by your worship.
You visited 6 branches of the dungeon, and saw 34 of its levels.
You also visited: Ice Cave.

You collected 3671 gold pieces.
You spent 172 gold pieces at shops.

Inventory:

Hand Weapons
 a - a +7 demon blade of distortion (weapon)
Missiles
 h - 69 poisoned darts (quivered)
 C - 4 throwing nets
 O - 4 curare-tipped darts
Armour
 c - a +0 buckler (worn)
 i - the +4 hat "Itust" {Dex+6}
   (You found it on level 4 of the Spider Nest)

   Dex:       It affects your dexterity (+6).
 E - the +7 plate armour of the Shoals (worn) {Rampage rF+ Regen+}
   (You found it on level 14 of the Dungeon)

   rF:        It protects you from fire.
   Regen:     It increases your rate of health regeneration.
   Rampage:   It bestows one free step when moving towards enemies.
 M - a +2 pair of gloves (worn)
 P - a +2 pair of boots of rampaging (worn)
 Q - a scarf of resistance (worn)
 W - a +1 leather armour of willpower
 Y - the +0 hat of Summertime (worn) {rN++ Regen+ MP+9 Dex+2}
   (You found it on level 2 of the Lair of Beasts)

   Dex:       It affects your dexterity (+2).
   rN:        It greatly protects you from negative energy.
   MP:        It affects your magic capacity (+9).
   Regen:     It increases your rate of health regeneration.
Jewellery
 j - an amulet of faith (around neck)
 k - the amulet "Varexen" {Faith rPois}
   (You took it off a merfolk on level 4 of the Shoals)

   [amulet of faith]

   It allows you to gain divine favour quickly.
   rPois:     It protects you from poison.
 w - a ring of protection from cold (right hand)
 N - a ring of protection from fire
 S - a +6 ring of dexterity (left hand)
 V - the amulet "Hiycuz" {rC+ Regen+ Int+4}
   (You found it on level 3 of the Spider Nest)

   [amulet of regeneration]

   Int:       It affects your intelligence (+4).
   rC:        It protects you from cold.
   Regen:     It increases your rate of health regeneration.
Wands
 g - a wand of digging (4)
 G - a wand of mindburst (15)
 K - a wand of charming (2)
 R - a wand of iceblast (31)
 T - a wand of flame (10)
Scrolls
 b - a scroll of poison
 d - 2 scrolls of magic mapping
 e - 6 scrolls of fear
 l - 7 scrolls of blinking
 n - 5 scrolls of immolation
 q - 5 scrolls of torment
 t - 5 scrolls of teleportation
 v - 5 scrolls of enchant armour
 x - 14 scrolls of vulnerability
 y - a scroll of summoning
 F - 3 scrolls of fog
 H - 2 scrolls of amnesia
Potions
 f - 8 potions of haste
 m - 3 potions of curing
 o - 5 potions of invisibility
 r - 2 potions of heal wounds
 s - 4 potions of lignification
 u - 8 potions of attraction
 A - 6 potions of brilliance
 B - 6 potions of flight
 D - 3 potions of might
 I - 4 potions of mutation
 J - 8 potions of ambrosia
 L - 4 potions of magic
 U - a potion of berserk rage
Miscellaneous
 p - a phial of floods
 z - a box of beasts (inert)
 X - a tin of tremorstones (1/2)


   Skills:
 - Level 15.0 Fighting
 - Level 13.7(15.3) Short Blades
 - Level 11.1(14.0) Long Blades
 - Level 6.0 Throwing
 - Level 11.0 Armour
 - Level 10.0 Dodging
 - Level 6.0 Stealth
 + Level 12.8 Shields
 - Level 8.0 Transmutations
 - Level 21.0 Invocations
 - Level 12.0 Evocations


You had 11 spell levels left.
You knew the following spells:

 Your Spells              Type           Power      Damage    Failure   Level
a - Wereblood             Tmut           13%        N/A       73%         2
b - Irradiate             Conj/Tmut      3%         3d12      100%        5

Your spell library contained the following spells:

 Spells                   Type           Power      Damage    Failure   Level
 Beastly Appendage        Tmut           26%        N/A       58%         1
 Necrotise                Necr           0%         1d4       100%        1
 Shock                    Conj/Air       0%         1d3       100%        1
 Sublimation of Blood     Necr           0%         N/A       100%        2
 Dazzling Flash           Conj/Hex       0%         N/A       100%        3
 Hailstorm                Conj/Ice       0%         3d3       100%        3
 Inner Flame              Hex/Fire       0%         N/A       100%        3
 Spider Form              Tmut/Pois      6%         N/A       100%        3
 Swiftness                Air            0%         N/A       100%        3
 Tukima's Dance           Hex            0%         N/A       100%        3
 Vampiric Draining        Necr           0%         2d6       100%        3
 Airstrike                Air            0%         2d(0-16)  100%        4
 Animate Dead             Necr           0%         N/A       100%        4
 Flame Wave               Conj/Fire      0%         2d4       100%        4
 Ice Form                 Ice/Tmut       6%         N/A       100%        4
 Passage of Golubria      Tloc           0%         N/A       100%        4
 Sticky Flame             Conj/Fire      0%         2d3       100%        4
 Agony                    Necr           0%         N/A       100%        5
 Blade Hands              Tmut           6%         N/A       100%        5
 Fireball                 Conj/Fire      0%         3d3       100%        5
 Iskenderun's Battlesphe  Conj           0%         2d6       100%        5
 Silence                  Hex/Air        0%         N/A       100%        5
 Summon Forest            Summ/Tloc      0%         N/A       100%        5
 Summon Mana Viper        Hex/Summ       0%         N/A       100%        5
 Yara's Violent Unravell  Hex/Tmut       3%         3d4       100%        5
 Conjure Ball Lightning   Conj/Air       0%         3x3d6     100%        6
 Simulacrum               Ice/Necr       0%         N/A       100%        6
 Summon Cactus Giant      Summ           0%         N/A       100%        6
 Dragon Form              Tmut           6%         N/A       100%        7
 Haunt                    Necr/Summ      0%         N/A       100%        7
 Orb of Destruction       Conj           0%         9d5       100%        7
 Summon Hydra             Summ           0%         N/A       100%        7
 Infestation              Necr           0%         N/A       100%        8
 Lehudib's Crystal Spear  Conj/Erth      0%         10d2      100%        8


Dungeon Overview and Level Annotations

Branches:
Dungeon (15/15)            Temple (0/1) D:4            Lair (5/5) D:10
 Shoals (4/4) Lair:2       Spider (4/4) Lair:3        Slime (0/5) Lair:4
    Orc (2/2) D:12            Elf (0/3) Orc:2        Vaults (4/5) D:14
  Crypt (0/3) Vaults:3     Depths (0/4) D:15          IceCv (visited)

Altars:
Cheibriados
Fedhas
Hepliaklqana
Makhleb
Nemelex Xobeh
Okawaru
Qazlal
Ru
Trog
Uskayaw
Xom
Jiyva
Lugonu

Shops:
D:5 [   D:7 *   D:12 **   Orc:2 [(**   Vaults:2 :*[((

Annotations:
Lair:1 exclusion: downstairs
Lair:3 1 transporter, corrupted
Shoals:1 corrupted, exclusion: door
Shoals:3 2 transporters, exclusion: orange crystal statue
Shoals:4 corrupted
Spider:2 corrupted
Vaults:4 corrupted


Innate Abilities, Weirdness & Mutations

You are completely covered in yellow scales. (AC +4, rCorr)
You sometimes emit foul miasma when damaged in melee.
When hurt, damage is shared between your health and your magic reserves.
You regenerate magic rapidly.
When low on magic, you restore magic in place of health.
Your presence sometimes corrodes those you injure.
You have a tail ending in a sharp stinger.
Your system is resistant to poisons. (rPois)
You occasionally shout uncontrollably at your foes.
You are weak. (Str -2)
Your spells are a little easier to cast, but a little less powerful.
You expend magic power (3 MP) to strengthen your wands.


Message History

The small abomination hits the war gargoyle.
The rakshasa gestures at the great orb of eyes.
The lance of force hits the great orb of eyes!!
The great orb of eyes is knocked back by the lance of force.
The great orb of eyes collides with the sixfirhy!
A starcursed mass splits.
The war gargoyle writhes in pain as voices assail its mind.
The white imp hits something but does no damage.
The orange demon stings the great orb of eyes but does no damage.
The orange demon hits the great orb of eyes but does no damage.
The wight completely misses the war gargoyle.
Tentacles burst from the starspawn's body!
The living lightning hits the white imp!
The white imp dies!
The white imp disappears in a puff of smoke!
A living lightning appears from out of your range of vision.
The ynoxinul gestures.
The Executioner completely misses the bunyip.
The Executioner hits the bunyip!
The Executioner hits the bunyip.
The ynoxinul barely misses the bunyip.
You hear a shout! 2 starspawn tentacles come into view.
Deactivating autopickup; reactivate with Ctrl-A.
You slash something!
Space warps horribly around something!
Your tail-slap misses something.
The bunyip changes into a tyrant leech!
The Executioner hits the tyrant leech. x2
The Executioner misses the tyrant leech.
Something hits you.
* * * LOW HITPOINT WARNING * * *
The war gargoyle hits you with a +0 flail!!
* * * LOW HITPOINT WARNING * * *
The war gargoyle hits you with a +0 morningstar.
* * * LOW HITPOINT WARNING * * *
The spriggan defender skeleton hits the tyrant leech!!
Something hits the ice dragon simulacrum!
The small abomination barely misses the war gargoyle.
Something bites the yaktaur but does no damage.
Something claws the yaktaur but does no damage. x2
The yaktaur shoots a bolt.
The bolt hits you!!
You die...

,*,,*,,,,*,,*,,,,* *,,,,,,,
,*,,*,,,,*,,*,,>,* *,,,,,,,
,,,,******#*******## *,,,,,,,
***+******X.######w#########+####
,,,,,,,,,,..F..Z#!4X4x.#.........
,,,,,,,,,,,...X3w1w45dW5.........
,,,,,,***#.#**##.RG3wD355........
,,,,,,*,,t...x#x99XXw.#..........
,,,,,,*,,....4Xz@#############...
,,,,,,*,,..5.3#.§#,,,*,,,*,,,#...
,,,,,,*,,.XX.,#.Xc,,,,*,*,,,,#..#
,,,,,,*,,.X,,,#{5#3,,*,*,*,,,#..#
,,,,,,*,,,,,,,#Xu##Z*,*,*,*,*#..'
,,,,,,*,,,,∩,,#35#,#X*,*,*,*,#..#
,,,,,,*,,,,,,,#5x.,,#§*,*,*,,#..#
,,,,,,*******+#5##,*,3.*,*,*,#..#
,,,,,,,,,,,,,,,,,**,*,*,*,*,*#..#


You could see a great orb of eyes (distracted), a tyrant leech shaped shifter, 2
war gargoyles, a yaktaur, a neutral bone dragon (summoned, distracted), 4
neutral starcursed masses, a neutral black draconian (summoned, distracted), 5
neutral tentacled starspawn, a neutral Executioner (summoned, fast, distracted),
a neutral rakshasa (summoned, distracted), a neutral orange demon (summoned,
distracted), a neutral apocalypse crab (summoned, distracted), a neutral
hellwing (summoned, distracted), 2 neutral sixfirhies, a neutral smoke demon
(summoned, distracted), 3 neutral ynoxinuls, 2 neutral chaos spawn, a neutral
wraith (summoned, distracted), 3 neutral small abominations, 4 neutral starspawn
tentacles, a neutral wight (summoned, distracted), a neutral quasit (summoned,
distracted), 2 neutral white imps, a neutral ice dragon simulacrum (summoned,
distracted), 3 neutral ufetubi and a neutral spriggan defender skeleton
(summoned, distracted).

Vanquished Creatures
  Asterion (Vaults:1)
  A kraken (Shoals:2)
  A sphinx (Vaults:3)
  A storm dragon (Shoals:4)
  3 ghost moths (Spider:4)
  Louise (Spider:1)
  6 emperor scorpions
  2 frost giants (IceCv)
  6 vault wardens
  3 war gargoyles (Vaults:3)
  9 ironbound preservers
  A stone giant (D:15)
  4 very ugly things (Vaults:1)
  4 ironbound thunderhulks
  An elemental wellspring (Shoals:1)
  9 dire elephants
  A white draconian (IceCv)
  8 merfolk impalers
  Josephine (D:12)
  An ettin (Orc:1)
  A merfolk javelineer (Shoals:4)
  Harold (D:10)
  5 ice dragons (IceCv)
  5 vault guards
  7 yaktaur captains
  5 great orbs of eyes
  4 jorogumos
  3 peacekeepers
  Erica (Lair:2)
  4 entropy weavers
  7 hydras
  4 merfolk avatars
  An ogre mage (D:12)
  A radroach (Spider:4)
  3 catoblepae
  An alligator snapping turtle (Shoals:2)
  9 centaur warriors
  10 boulder beetles
  12 ironbound frosthearts
  A satyr (Shoals:2)
  5 two-headed ogres
  6 merfolk aquamancers
  Urug (Lair:4)
  A deep troll shaman (Lair:5)
  6 death yaks
  2 tengu warriors (D:15)
  A death scarab (Spider:4)
  6 orc high priests (Orc:2)
  A skyshark (Shoals:3)
  9 skeletal warriors
  A pharaoh ant (Spider:4)
  6 orb spiders
  30 deep trolls
  A flayed ghost (Vaults:1)
  3 sun moths
  An orange crystal statue (IceCv)
  5 steelbarb worms
  9 sea snakes
  7 lindwurms
  2 orc knights
  10 ironbound convokers
  A harpy (Lair:2)
  A deep elf pyromancer (D:15)
  16 wolf spiders
  A harpy (shapeshifter) (D:14)
  2 orc sorcerers (D:15)
  A wizard (Vaults:2)
  17 manticores
  19 fauns
  9 ugly things
  7 cyclopes
  2 moths of wrath (Spider:1)
  4 black mambas
  12 elephants
  7 merfolk sirens
  8 torpor snails
  8 water nymphs
  3 vault sentinels
  4 gargoyles
  11 demonic crawlers
  7 cane toads
  An unseen horror (D:12)
  3 kobold demonologists
  10 rime drakes
  Psyche (D:12)
  6 komodo dragons
  A tengu conjurer (D:13)
  29 yaktaurs
  31 merfolk
  7 meliai
  2 efreet
  A meliai (shapeshifter) (D:13)
  A hornet (D:8)
  8 trolls
  7 wind drakes
  11 polar bears
  13 blink frogs
  A snapping turtle (shapeshifter) (D:14)
  30 tarantellas
  2 snapping turtles
  4 dream sheep (Lair:4)
  21 slime creatures
  A jumping spider (shapeshifter) (D:15)
  3 shadows
  26 jumping spiders
  16 culicivoras
  3 air elementals (Shoals:4)
  A centaur simulacrum (D:12)
  8 wraiths
  47 yaks
  A yak (shapeshifter) (D:15)
  A vampire (D:12)
  8 humans (D:14)
  19 water elementals
  A wyvern (Lair:1)
  Grum (D:10)
  A steam dragon (D:7)
  4 basilisks
  48 redbacks
  8 vampire mosquitoes
  11 wargs
  An acid dragon (D:12)
  5 water moccasins
  A floating eye (shapeshifter) (D:13)
  17 orc warriors
  An ice beast (D:6)
  3 sky beasts
  A black bear (Lair:5)
  A black bear (shapeshifter) (D:13)
  4 boggarts (D:14)
  15 wolves
  9 ogres
  8 centaurs
  4 kobold brigands
  A phantom (D:7)
  10 bullfrogs
  2 scorpions
  4 wights (D:10)
  7 electric eels
  8 howler monkeys
  A jelly (D:4)
  4 hounds
  40 orc priests
  A gnoll bouda (Orc:1)
  2 sleepcaps
  An iguana (D:7)
  22 orc wizards
  Robin (D:2)
  8 adders
  18 gnolls
  A shadow imp (D:6)
  2 white imps (D:6)
  An ufetubus (D:4)
  A worm (D:2)
  3 dart slugs
  82 orcs
  2 bats
  4 endoplasms
  3 giant cockroaches
  15 goblins
  9 hobgoblins
  A quokka (D:3)
  14 ball pythons
  3 frilled lizards
  20 kobolds
  6 rats
  4 tentacles (Shoals:2)
1171 creatures vanquished.

Vanquished Creatures (collateral kills)
  A merfolk impaler (Shoals:1)
  A crystal guardian (Vaults:3)
  2 peacekeepers
  2 merfolk
  An air elemental (Shoals:4)
  4 wyverns (Lair:4)
  A wolf (Lair:3)
12 creatures vanquished.

Vanquished Creatures (others)
  Nikola (Spider:2)
  A kraken (Shoals:1)
  The ghost of runemasterragnar the Earth Mage, an adept GrEE of Vehumet (Lair:3)
  Nessos (Lair:4)
  A dire elephant (Lair:3)
  4 merfolk impalers
  A vault guard (D:14)
  A catoblepas (Lair:3)
  3 merfolk avatars
  A sea snake (Shoals:1)
  2 orb spiders
  6 manticores
  3 merfolk sirens (Shoals:1)
  4 fauns (Shoals:1)
  A moth of wrath (Spider:2)
  5 elephants (Lair:3)
  2 water nymphs (Shoals:4)
  2 cane toads (Lair:3)
  A torpor snail (Lair:3)
  A black mamba (Lair:3)
  A komodo dragon (Lair:3)
  A tarantella (Spider:2)
  2 merfolk
  A wind drake (Shoals:4)
  5 snapping turtles
  A culicivora (Spider:2)
  4 water elementals (Shoals:4)
  A yak (Lair:3)
  A human (D:14)
  3 redbacks
  A water moccasin (Lair:3)
  A sky beast (D:7)
  2 wolves (Lair:3)
  A boggart (D:14)
  2 bullfrogs
  An orc (D:7)
  31 fungi
  74 plants
  13 starspawn tentacles
  20 tentacles
208 creatures vanquished.

Grand Total: 1391 creatures vanquished

Notes
Turn   | Place    | Note
-------+----------+-------------------------------------------
     0 | D:5      | ragingrage the Demonspawn Delver began the quest for the
                  | Orb.
     0 | D:5      | Reached XP level 1. HP: 18/18 MP: 1/1
    20 | D:4      | Gained mutation: You may rarely emit foul miasma when
                  | damaged in melee. [demonic ancestry]
    20 | D:4      | Reached XP level 2. HP: 14/24 MP: 2/2
   437 | D:1      | Reached XP level 3. HP: 29/29 MP: 3/3
   442 | D:1      | Found a faded altar of an unknown god.
   468 | D:1      | Prayed at the altar of an unknown god.
   468 | D:1      | Became a worshipper of Lugonu the Unformed
   468 | D:1      | Reached * piety under Lugonu
  1409 | D:2      | Reached ** piety under Lugonu
  1492 | D:2      | Noticed Robin
  1504 | D:2      | Gained mutation: You regenerate magic rapidly. [demonic
                  | ancestry]
  1504 | D:2      | Reached XP level 4. HP: 33/35 MP: 4/4
  1510 | D:2      | Reached skill level 1 in Invocations
  1517 | D:2      | Killed Robin
  1892 | D:3      | Reached skill level 1 in Short Blades
  2018 | D:3      | Reached skill level 2 in Invocations
  2108 | D:3      | Gained mutation: When hurt, damage is shared between your
                  | health and your magic reserves. [demonic ancestry]
  2108 | D:3      | Reached XP level 5. HP: 41/41 MP: 6/6
  2488 | D:4      | Found a staircase to the Ecumenical Temple.
  2526 | D:4      | Found a stormy altar of Qazlal.
  2615 | D:4      | Reached *** piety under Lugonu
  2706 | D:4      | Reached skill level 3 in Invocations
  2776 | D:4      | Reached XP level 6. HP: 11/48 MP: 2/8
  3103 | D:4      | Found a blossoming altar of Fedhas.
  3157 | D:4      | Found a burning altar of Makhleb.
  3228 | D:4      | Reached skill level 4 in Invocations
  3625 | D:4      | Reached skill level 5 in Invocations
  3625 | D:4      | Reached XP level 7. HP: 41/54 MP: 8/10
  4155 | D:5      | Found Vynila's Armour Shoppe.
  4496 | D:5      | Reached skill level 6 in Invocations
  4678 | D:5      | Found a hide-covered altar of Uskayaw.
  4987 | D:6      | Found a sparkling altar of Nemelex Xobeh.
  5042 | D:6      | Reached skill level 5 in Short Blades
  5046 | D:6      | Gained mutation: You are partially covered in yellow
                  | scales. (AC +2) [demonic ancestry]
  5046 | D:6      | Reached XP level 8. HP: 19/60 MP: 1/13
  5053 | D:6      | Reached skill level 7 in Invocations
  5242 | D:6      | Found a snail-covered altar of Cheibriados.
  5434 | D:6      | Found a hazy altar of Hepliaklqana.
  5451 | D:6      | Found an iron altar of Okawaru.
  6065 | D:7      | Found Zin's Purification Station.
  6370 | D:7      | Reached **** piety under Lugonu
  6916 | D:8      | Noticed a two-headed ogre
  7075 | D:8      | Reached XP level 9. HP: 53/65 MP: 11/14
  7107 | D:8      | Banished a two-headed ogre
  7186 | D:8      | Paralysed by a hornet for 3 turns
  7466 | D:8      | Reached skill level 1 in Armour
  7466 | D:8      | Reached skill level 5 in Stealth
  7774 | D:8      | Found a bloodstained altar of Trog.
  8023 | D:9      | Reached skill level 5 in Fighting
  8230 | D:9      | Identified the amulet "Qaude" {Spirit rF+ Int+7 SInv}
  8326 | D:9      | Reached skill level 8 in Invocations
  8472 | D:10     | Entered Level 10 of the Dungeon
  8510 | D:10     | Found a staircase to the Lair.
  8529 | D:10     | Gained mutation: You have a small tail. [demonic ancestry]
  8529 | D:10     | Reached XP level 10. HP: 74/74 MP: 16/16
  8568 | D:10     | Found a sacrificial altar of Ru.
  8611 | D:10     | Noticed Harold
  9223 | D:10     | Noticed Grum
  9244 | D:10     | Reached skill level 9 in Invocations
  9351 | D:10     | Killed Grum
  9729 | D:10     | Reached skill level 10 in Short Blades
  9915 | D:10     | Killed Harold
  9916 | D:10     | Reached skill level 5 in Dodging
 10253 | D:11     | Reached skill level 10 in Invocations
 10313 | D:11     | Noticed a two-headed ogre
 10337 | D:11     | Killed a two-headed ogre
 10528 | D:11     | Noticed a manticore
 10529 | D:11     | Banished a manticore
 10546 | D:11     | Identified the +3 short sword of Titzulif {antimagic, rF+
                  | Str+6 Int+3}
 10587 | D:11     | Noticed a gargoyle
 10597 | D:11     | Noticed a two-headed ogre
 10612 | D:11     | Gained mutation: You sometimes emit foul miasma when
                  | damaged in melee. [demonic ancestry]
 10612 | D:11     | Reached XP level 11. HP: 73/79 MP: 13/18
 10780 | Lair:1   | Entered Level 1 of the Lair of Beasts
 11025 | Lair:1   | Identified the ring of Iboc {Fly rPois rF- rC- Int+7}
 11475 | Lair:1   | Learned a level 2 spell: Wereblood
 11523 | Lair:1   | Reached skill level 1 in Transmutations
 12327 | Lair:2   | Noticed a harpy
 12364 | Lair:2   | Identified a scroll of acquirement
 12367 | Lair:2   | Acquired a manual of Invocations
 12889 | Lair:2   | Reached skill level 11 in Invocations
 13046 | Lair:2   | Noticed a skyshark
 13051 | Lair:2   | Banished a skyshark
 13155 | Lair:2   | Noticed Erica
 13166 | Lair:2   | Killed Erica
 13167 | Lair:2   | Reached skill level 12 in Invocations
 13178 | Lair:2   | Killed a harpy
 13218 | Lair:2   | Found a staircase to the Shoals.
 13359 | Lair:2   | Found a runed translucent door.
 13486 | Lair:2   | Identified the +0 hat of Summertime {rN++ Regen+ MP+9
                  | Dex+2}
 13489 | Lair:2   | Found a runed translucent gate.
 13489 | Lair:2   | Found a runed translucent gate.
 13489 | Lair:2   | Found a runed translucent gate.
 13489 | Lair:2   | Found a runed translucent gate.
 13489 | Lair:2   | Noticed a lindwurm
 13489 | Lair:2   | Noticed a boulder beetle
 13527 | Lair:2   | Found a runed translucent gate.
 13527 | Lair:2   | Noticed a boulder beetle
 13527 | Lair:2   | Noticed a boulder beetle
 13528 | Lair:2   | Found a runed translucent gate.
 13528 | Lair:2   | Noticed a lindwurm
 13662 | Lair:3   | Reached XP level 12. HP: 58/86 MP: 21/21
 13734 | Lair:3   | Noticed runemasterragnar's ghost (adept GrEE)
 13775 | Lair:3   | Noticed a dire elephant
 13787 | Lair:3   | Noticed a catoblepas
 13802 | Lair:3   | Reached skill level 5 in Transmutations
 13811 | Lair:3   | Reached skill level 13 in Invocations
 14182 | Lair:3   | Found a transporter.
 14194 | Lair:3   | Corrupted Lair:3
 14194 | Lair:3   | Noticed a starcursed mass
 14194 | Lair:3   | Noticed a blizzard demon
 14194 | Lair:3   | Noticed a tentacled starspawn
 14194 | Lair:3   | Noticed a starcursed mass
 14206 | Lair:3   | Killed a dire elephant
 14210 | Lair:3   | Killed a catoblepas
 14216 | Lair:3   | Killed runemasterragnar's ghost
 14271 | Lair:3   | Reached skill level 14 in Invocations
 14363 | Lair:3   | Identified the +1 dagger "Blob" {spect, *Slow rF+ Dex+3}
 14409 | Lair:3   | Found a transporter.
 14501 | Lair:3   | Found a hole to the Spider Nest.
 14966 | Lair:4   | Noticed Nessos
 14982 | Lair:4   | Your ally Nessos died
 15058 | Lair:4   | Reached skill level 15 in Invocations
 15288 | Lair:4   | Reached skill level 16 in Invocations
 15369 | Lair:4   | Reached skill level 17 in Invocations
 15572 | Lair:4   | Noticed a death yak
 15573 | Lair:4   | Noticed a death yak
 15631 | Lair:4   | Reached skill level 18 in Invocations
 15674 | Lair:4   | Killed a death yak
 15732 | Lair:4   | Noticed Urug
 15745 | Lair:4   | Killed Urug
 15746 | Lair:4   | Reached skill level 19 in Invocations
 16029 | Lair:4   | Found a staircase to the Slime Pits.
 16084 | Lair:4   | Found a viscous altar of Jiyva.
 16140 | Lair:4   | Noticed a catoblepas
 16166 | Lair:4   | Killed a catoblepas
 16167 | Lair:4   | Gained mutation: You are mostly covered in yellow scales.
                  | (AC +3) [demonic ancestry]
 16167 | Lair:4   | Reached XP level 13. HP: 80/91 MP: 26/26
 16324 | Lair:5   | Entered Level 5 of the Lair of Beasts
 16345 | Lair:4   | Reached ***** piety under Lugonu
 16346 | Lair:4   | Reached skill level 20 in Invocations
 16506 | Lair:5   | Identified the +1 leather armour of the Furies {rElec rC+
                  | Will- Stlth+}
 17287 | Lair:5   | Identified the +1 helmet of Plasticity {Contam Will+ Str+4}
 19074 | Lair:5   | Learned a level 5 spell: Irradiate
 19829 | D:11     | Found Idamneico's Assorted Antiques.
 20403 | D:12     | Noticed Psyche
 20858 | D:12     | Gained mutation: When low on magic, you restore magic in
                  | place of health. [demonic ancestry]
 20858 | D:12     | Reached XP level 14. HP: 102/104 MP: 28/28
 20946 | D:12     | Found Xailelol's Specific Store.
 20952 | D:12     | Found Qoaduonu's General Store.
 20957 | D:12     | Bought a potion of cancellation for 112 gold pieces
 21194 | D:12     | Found a staircase to the Orcish Mines.
 21378 | D:12     | Noticed Josephine
 21677 | D:12     | Reached skill level 5 in Long Blades
 21681 | D:12     | Killed Josephine
 22101 | D:12     | Killed Psyche
 23249 | D:13     | Reached ****** piety under Lugonu
 24151 | D:14     | Identified the +7 plate armour of the Shoals {Rampage rF+
                  | Regen+}
 24269 | D:14     | Reached skill level 10 in Fighting
 24677 | D:14     | Reached XP level 15. HP: 115/115 MP: 29/29
 25092 | D:14     | Found a gate to the Vaults.
 25138 | D:15     | Entered Level 15 of the Dungeon
 25292 | Orc:1    | Entered Level 1 of the Orcish Mines
 25564 | Orc:1    | Reached skill level 1 in Shields
 25728 | Orc:2    | Entered Level 2 of the Orcish Mines
 25728 | Orc:2    | Found a staircase to the Elven Halls.
 26049 | Orc:2    | Reached skill level 5 in Armour
 26055 | Orc:2    | Found Wimylon's General Store.
 26055 | Orc:2    | Found Qikut's General Store.
 26147 | Orc:2    | Gained mutation: You are frail. (-10% HP) [a neqoxec]
 26168 | Orc:2    | Reached skill level 1 in Evocations
 26180 | Orc:2    | Lost mutation: You are frail. (-10% HP) [potion of
                  | mutation]
 26180 | Orc:2    | Gained mutation: You expend magic power (3 MP) to
                  | strengthen your wands. [potion of mutation]
 26180 | Orc:2    | Gained mutation: You are weak. (Str -2) [potion of
                  | mutation]
 26180 | Orc:2    | Gained mutation: You occasionally shout uncontrollably at
                  | your foes. [potion of mutation]
 26180 | Orc:2    | Gained mutation: Your system is resistant to poisons.
                  | (rPois) [potion of mutation]
 26308 | Orc:2    | Found Boumar's Armour Shoppe.
 26316 | Orc:2    | Found Porueluv's Weapon Boutique.
 27260 | D:15     | Found a hide-covered altar of Uskayaw.
 27750 | D:15     | Found a staircase to the Depths.
 28184 | Shoals:1 | Entered Level 1 of the Shoals
 28194 | Shoals:1 | Corrupted Shoals:1
 28194 | Shoals:1 | Noticed a tentacled starspawn
 28194 | Shoals:1 | Noticed a tentacled starspawn
 28198 | Shoals:1 | Noticed an ancient lich
 28215 | Shoals:1 | Killed a kraken
 28252 | Shoals:1 | Found a shimmering altar of Xom.
 28511 | Shoals:1 | You fall into a shaft and drop 1 floor!
 28594 | Shoals:2 | Noticed a kraken
 28631 | Shoals:2 | Found a frozen archway.
 28681 | IceCv    | Entered an ice cave
 28855 | IceCv    | Reached skill level 5 in Shields
 29043 | IceCv    | Gained mutation: Your presence sometimes corrodes those you
                  | injure. [demonic ancestry]
 29043 | IceCv    | Reached XP level 16. HP: 120/127 MP: 30/30
 29120 | IceCv    | Reached skill level 5 in Evocations
 30517 | Shoals:2 | Killed a kraken
 32619 | Shoals:3 | Reached skill level 10 in Long Blades
 32665 | Shoals:3 | Identified the +4 glaive of Judgement {spect, rF+}
 32672 | Shoals:3 | Found a transporter.
 32682 | Shoals:3 | Found a transporter.
 33082 | Shoals:4 | Entered Level 4 of the Shoals
 33082 | Shoals:4 | Found a snail-covered altar of Cheibriados.
 33170 | Shoals:4 | Paralysed by an air elemental for 1 turns
 33188 | Shoals:4 | Paralysed by an air elemental for 1 turns
 33291 | Shoals:3 | Identified a +3 demon blade of distortion (a +1 demon blade
                  | of electrocution corrupted by Lugonu)
 33291 | Shoals:3 | Received a gift from Lugonu
 33616 | Shoals:4 | Reached XP level 17. HP: 135/135 MP: 31/31
 33771 | Shoals:4 | Corrupted Shoals:4
 34174 | Shoals:4 | Paralysed by an air elemental for 1 turns
 34459 | Shoals:4 | Identified the amulet "Varexen" {Faith rPois}
 34680 | Shoals:4 | Got a barnacled rune of Zot
 35172 | Lair:2   | Reached skill level 21 in Invocations
 35297 | Spider:1 | Entered Level 1 of the Spider Nest
 35569 | Spider:1 | Reached skill level 1 in Throwing
 35712 | Spider:1 | Noticed Louise
 35750 | Spider:1 | Killed Louise
 35892 | Spider:1 | Identified the +9 flail of Pain and Death {venom, *Noise
                  | Str+2 Dex+4}
 36819 | Spider:2 | You fall into a shaft and drop 1 floor!
 36923 | Spider:3 | Reached skill level 10 in Armour
 37379 | Spider:2 | Noticed Nikola
 37382 | Spider:2 | Corrupted Spider:2
 37391 | Spider:2 | Killed Nikola
 37972 | Spider:3 | Gained mutation: You have a tail ending in a sharp stinger.
                  | [demonic ancestry]
 37972 | Spider:3 | Reached XP level 18. HP: 145/146 MP: 32/32
 38239 | Spider:3 | Identified the +3 robe "Zeozuf" {+Blink rN++ Int-2 SInv
                  | Stlth+}
 38526 | Spider:3 | Reached skill level 5 in Throwing
 38665 | Spider:3 | Identified the amulet "Hiycuz" {rC+ Regen+ Int+4}
 38755 | Spider:4 | Entered Level 4 of the Spider Nest
 39344 | Spider:3 | Reached skill level 15 in Fighting
 39740 | Spider:4 | Gained mutation: Your spells are a little easier to cast,
                  | but a little less powerful. [mutagenic glow]
 40391 | Spider:4 | Got a gossamer rune of Zot
 40392 | Spider:4 | Identified the +4 hat "Itust" {Dex+6}
 40998 | Vaults:1 | Entered Level 1 of the Vaults
 41043 | Vaults:1 | Noticed Asterion
 41075 | Vaults:1 | Killed Asterion
 41522 | Vaults:1 | Reached skill level 10 in Evocations
 41587 | Vaults:1 | Reached skill level 10 in Dodging
 42296 | Vaults:1 | Gained mutation: You are completely covered in yellow
                  | scales. (AC +4, rCorr) [demonic ancestry]
 42296 | Vaults:1 | Reached XP level 19. HP: 108/155 MP: 33/33
 42924 | Vaults:2 | Found Onlen's General Store.
 42932 | Vaults:2 | Bought a scroll of fear for 60 gold pieces
 43112 | Vaults:2 | Found Alliasol's Antique Weapon Boutique.
 43166 | Vaults:2 | Found Ikkusumm's Weapon Boutique.
 43874 | Vaults:2 | Found Tukenois's Armour Shop.
 43914 | Vaults:2 | You fall into a shaft and drop 1 floor!
 43953 | Vaults:3 | Reached skill level 10 in Shields
 43975 | Vaults:3 | Paralysed by a sphinx for 4 turns
 44193 | Vaults:2 | Found Moeliofo's Book Emporium.
 44649 | Vaults:3 | Paralysed by a great orb of eyes for 3 turns
 45281 | Vaults:3 | Found a staircase to the Crypt.
 45870 | Vaults:4 | Corrupted Vaults:4
 45870 | Vaults:4 | Noticed a bone dragon
 45873 | Vaults:4 | Shot with a bolt by a yaktaur

Illustrated notes

Levels and vault maps discovered:
D:1:      giann_forest_graveyard, layout_loops_ring,
          hellmonk_ecumenical_altar_zigzags
D:2:      layout_basic, serial_rivers, chequers_serial_rivers_large_b,
          chequers_serial_rivers_micro_e, chequers_serial_rivers_micro_b,
          chequers_serial_rivers_small_3, kennysheep_nub, minmay_liquid_box,
          uniq_robin
D:3:      layout_basic, chequers_serial_rivers_micro_c, grunt_decor_one_mirror
D:4:      layout_layer_cave, lightli_temple_of_fire, fedhas_altar_4,
          nicolae_qazlal_general_emergency, minmay_temple_entry_tees,
          st_stairs_13
D:5:      layout_basic, kennysheep_mini_moat, serial_shops, shop
D:6:      layout_basic, mainiacjoe_overflow_alcove_1,
          mainiacjoe_overflow_small_starburst,
          mainiacjoe_overflow_six_doors_small, nemelex_altar_shiori,
          serial_glass, glass_columns_b, glass_columns_a, feat_on_display,
          feat_on_display, dreamdust_gnoll_farm
D:7:      layout_cave_pools, zin_purify
D:8:      layout_basic, trog_hazing_becter
D:9:      layout_basic, serial_corexii_hall, corexii_hall_statues_l,
          corexii_hall_statues_i
D:10:     layout_stronghold, lemuel_round_altar, lair_entry_dummy, uniq_harold,
          uniq_grum
D:11:     layout_cave_pods, serial_shops, nicolae_shop_overgrown_old_shop,
          chequers_big_river, minmay_misc_feat_ornament
D:12:     kennysheep_windowed_halls, layout_loops_corners, david_orc_4,
          nicolae_specific_store, uniq_josephine, uniq_psyche
D:13:     minmay_the_grid_triangle_9x9_recursive_2_mashed
          [minmay_the_grid_triangle_9x9_prize_center,
          minmay_the_grid_triangle_9x9_thin_v,
          minmay_the_grid_triangle_9x9_swiss_cheese,
          minmay_the_grid_triangle_9x9_zippers_horizontal], layout_gridville
D:14:     layout_cave_pools, ximxim_vaults_locker_room,
          hangedman_decor_peaks_small, minmay_splitting_lines,
          serial_bayou_ford_a
D:15:     grunt_enter_depths_snipers, layout_stronghold, serial_glass,
          glass_columns_a, glass_columns_a, glass_columns_c, glass_columns_a,
          nicolae_uskayaw_dance_hall
Lair:1:   statuecave_lemuel, layout_gridlike, infiniplex_staircase_pool,
          lemuel_fruit_tree, grunt_megastairs_1, serial_bayou_shore_b
Lair:2:   gammafunk_indiana_jones, layout_hall_layers,
          nicolae_shoals_entry_roost, infiniplex_staircase_pool_2, uniq_erica
Lair:3:   layout_small_grid, spider_nest_entry_webs, gammafunk_ghost_arena,
          serial_bayou_shore_a
Lair:4:   layout_regular_city, slime_entry_1, chequers_serial_rivers_micro_a,
          nicolae_lair_lil_pond, beast_lair_carwin_11, uniq_urug, uniq_nessos
Lair:5:   grunt_lair_end_beastmaster, layout_gridlike
Shoals:1: layout_shoals, hangedman_feature_mirror,
          nicolae_shoals_spring_well_temple
Shoals:2: layout_shoals, portal_ice_cave_entry_pillars_three
Shoals:3: gammafunk_sealed_arena, layout_shoals
Shoals:4: shoals_end_hellmonk_storm_palace [storm_palace_center_ruins,
          storm_palace_corner_narrow, storm_palace_corner_altar,
          storm_palace_corner_grid, storm_palace_corner_altar]
Spider:1: layout_spider_delve, nicolae_spider_nooks_and_crannies, uniq_louise
Spider:2: layout_spider_delve, guppyfry_spider_mini_2, uniq_nikola
Spider:3: nicolae_spider_hilbert_zone_4 [nicolae_spider_hilbert_4_sides_2_open,
          nicolae_spider_hilbert_4_sides_1_open,
          nicolae_spider_hilbert_4_sides_1_open,
          nicolae_spider_hilbert_4_sides_1_open,
          nicolae_spider_hilbert_4_sides_1_open,
          nicolae_spider_hilbert_2_sides_1_open,
          nicolae_spider_hilbert_2_sides_1_open,
          nicolae_spider_hilbert_2_sides_1_open,
          nicolae_spider_hilbert_2_sides_1_open,
          nicolae_spider_hilbert_6_sides_1_open,
          nicolae_spider_hilbert_6_sides_1_open,
          nicolae_spider_hilbert_3_sides_1_open,
          nicolae_spider_hilbert_3_sides_1_open], nicolae_spider_world_wide_web
Spider:4: hellmonk_spider_rune_bug_friends
Orc:1:    layout_diamond_mine
Orc:2:    st_orc_town, layout_caves, special_room
Vaults:1: hangedman_vaults_snaps, serial_ice_b, v_alt_pattern_6,
          hangedman_vaults_unwind, v_rooms_2, hangedman_vaults_hat, v_misc_14,
          ontoclasm_vaults_gateway, nicolae_vaults_specimen_jars,
          layout_vaults_quadrants, uniq_asterion
Vaults:2: nicolae_vaults_alarming, nicolae_vaults_triangles,
          nicolae_vaults_stairing_the_circle, vaults_mumra_chevron_long,
          nicolae_vaults_network_s, vaults_mumra_hexcomb, vaults_room_corners,
          grunt_vaults_hallway_long, v_misc_13, layout_vaults_omnicross,
          serial_shops, shop, shop, shop, shop_statue, shop_statue
Vaults:3: nicolae_vaults_network_barrier, nicolae_vaults_circle_grid_a,
          hangedman_vaults_stream, v_misc_22, v_misc_27,
          ontoclasm_vaults_misaligned, vaults_dpeg_diagonal, v_misc_12,
          vaults_room_corners, hangedman_vaults_corner,
          minmay_crypt_entry_nasty_monster, grunt_vaults_focal,
          vaults_dpeg_ring, layout_vaults_ring
Vaults:4: portal_desolation_entry_salt, ontoclasm_vaults_bender, v_misc_12,
          nicolae_vaults_little_squares_5, ontoclasm_vaults_hangar,
          vaults_room_fancy_cross, v_pattern_3, grunt_vaults_diagonal,
          vaults_standard_mumra_lines, ontoclasm_vaults_ring_small, v_misc_9,
          layout_vaults_big_room, serial_shops, shop, shop, uniq_aizul,
          uniq_jory

Skill      XL: |  1  2  3  4  5  6  7  8  9 10 11 12 13 14 15 16 17 18 19 |
---------------+----------------------------------------------------------+-----
Long Blades    | 2 3 4 7 8 11 | 11.1
Invocations    | 2 3 5 6 7 8 10 12 19 20 21 | 21.0
Short Blades   | 1 2 3 5 8 9 11 12 13 | 13.7
Fighting       | 4 5 7 10 11 12 14 15 | 15.0
Dodging        | 3 5 7 9 10 | 10.0
Armour         | 2 4 6 8 10 11 | 11.0
Stealth        | 5 6 |  6.0
Transmutations | 4 5 7 8 |  8.0
Shields        | 5 7 12 | 12.8
Evocations     | 4 7 9 10 12 | 12.0
Throwing       | 4 6 |  6.0

Action                     |  1- 3 |  4- 6 |  7- 9 | 10-12 | 13-15 | 16-18 | 19-21 || total
---------------------------+-------+-------+-------+-------+-------+-------+-------++-------
  Melee: Falchion          |    74 |       |       |       |       |       |       ||    74
         Punch             |     1 |     2 |     8 |    15 |    24 |       |       ||    50
         Dagger            |    17 |   144 |   434 |   270 |   102 |       |       ||   967
         Whip              |     4 |       |       |       |       |       |       ||     4
         Short sword       |       |       |       |   537 |   412 |       |       ||   949
         Tailslap          |       |       |       |   187 |   407 |   397 |   144 ||  1135
         Demon blade       |       |       |       |       |  1124 |  1699 |   518 ||  3341
         Scimitar          |       |       |       |       |    46 |       |       ||    46
   Fire: Longbow           |       |       |       |    56 |     6 |       |       ||    62
  Throw: Boomerang         |     6 |       |    12 |    38 |       |       |       ||    56
         Dart              |       |       |       |     4 |    46 |   227 |     2 ||   279
         Throwing net      |       |       |       |     2 |       |       |       ||     2
   Cast: Wereblood         |       |       |       |       |       |       |     2 ||     2
 Invoke: Banish            |       |     1 |     6 |    11 |    15 |    33 |     3 ||    69
         Corrupt           |       |       |       |     1 |     1 |     2 |     1 ||     5
         Brand Weapon With |       |       |       |       |       |     1 |       ||     1
  Evoke: Wand              |       |       |       |     6 |    18 |    30 |       ||    54
         Box of beasts     |       |       |       |     1 |     2 |     4 |     3 ||    10
         Tin of tremorston |       |       |       |       |     3 |     9 |     2 ||    14
         Phial of floods   |       |       |       |       |       |     1 |       ||     1
    Use: Scroll            |       |     4 |    10 |     7 |    12 |    16 |     2 ||    51
         Potion            |       |     1 |       |       |     5 |    18 |     2 ||    26
   Stab: Sleeping          |     9 |     8 |     3 |     2 |     5 |       |       ||    27
         Distracted        |       |       |     2 |       |     2 |     2 |       ||     6
         Held in net/web   |       |       |       |     2 |       |       |       ||     2
 Armour: Leather armour    |    22 |    21 |       |       |       |       |    23 ||    66
         Ring mail         |       |     5 |   161 |   158 |   275 |       |       ||   599
         Plate armour      |       |       |       |       |   510 |  1317 |   299 ||  2126
  Dodge: Dodged            |    60 |    80 |   202 |   295 |   865 |   591 |   181 ||  2274
  Block: Buckler           |       |       |       |       |   203 |   587 |   202 ||   992

Table legend: (Time is in decaauts)
 A = Elapsed time spent in this place.
 B = Non-inter-level travel time spent in this place.
 C = Inter-level travel time spent in this place.
 D = Time resting spent in this place.
 E = Time spent auto-exploring this place.
 F = Levels seen in this place.
 G = Mean time per level.
                   A        B        C        D        E       F      G
               +--------+--------+--------+--------+--------+-----+--------+
         Total |  44499 |  40451 |   4048 |   8552 |  21099 |  35 | 1271.4 |
       Dungeon |  17883 |  16266 |   1617 |   3000 |   9687 |  15 | 1192.2 |
          Lair |   8532 |   7749 |    783 |   1963 |   3689 |   5 | 1706.4 |
        Shoals |   5535 |   4877 |    658 |   1448 |   1840 |   4 | 1383.8 |
   Spider Nest |   5073 |   4537 |    536 |    704 |   2401 |   4 | 1268.2 |
  Orcish Mines |   1489 |   1291 |    198 |    154 |    741 |   2 |  744.5 |
        Vaults |   4614 |   4359 |    255 |    766 |   2410 |   4 | 1153.5 |
      Ice Cave |   1372 |   1372 |      0 |    516 |    330 |   1 | 1372.0 |
               +--------+--------+--------+--------+--------+-----+--------+

Top non-repeatable levels by time:
    D:12: 2429 daAuts
  Lair:5: 2141 daAuts
Spider:3: 1841 daAuts
  Lair:1: 1759 daAuts
  Lair:4: 1719 daAuts
Vaults:1: 1717 daAuts
    D:13: 1689 daAuts
     D:4: 1653 daAuts
Shoals:4: 1637 daAuts
    D:10: 1632 daAuts
Vaults:2: 1580 daAuts
  Lair:2: 1548 daAuts
Shoals:2: 1529 daAuts
    D:11: 1401 daAuts
   IceCv: 1372 daAuts
